BSA
MADISON BOMBERS @ GREENVILLE 84S
08/01/2024
 
TOP OF THE 1ST
Madison Bombers batting - Pitching for Greenville 84s : LHP Osvaldo Cruz
Pitching: LHP Osvaldo Cruz
Batting: LHB Keith Tillman 0-0: Called Strike
0-1: Ball
1-1: Ball
2-1: Foul Ball, location: 2F
2-2: SINGLE (Groundball, 6M)
Batting: RHB Sergio Márquez 0-0: Called Strike
0-1: Fly out, F6 (Popup, 6MS)
Batting: SHB Derek Roach 0-0: Foul Ball, location: 2F
0-1: Ball
1-1: Ball
2-1: Foul Ball, location: 2F
2-2: Grounds into double play, 5-4-3 (Groundball, 5)
Top of the 1st over - 0 run(s), 1 hit(s), 0 error(s), 0 left on base; Madison 0 - Greenville 0
BOTTOM OF THE 1ST
Greenville 84s batting - Pitching for Madison Bombers : RHP Andy Parker
Pitching: RHP Andy Parker
Batting: RHB Carlos Torres 0-0: Ball
1-0: Foul Ball, location: 2F
1-1: Fly out, F5 (Popup, 5S)
Batting: RHB Gernot Renner 0-0: Ball
1-0: Swinging Strike
1-1: Ball
2-1: Fly out, F5 (Line Drive, 5L)
Batting: RHB Enzo Díaz 0-0: Foul Ball, location: 2F
0-1: Ball
1-1: Ball
2-1: Fly out, F4 (Popup, 4D)
Bottom of the 1st over - 0 run(s), 0 hit(s), 0 error(s), 0 left on base; Madison 0 - Greenville 0
TOP OF THE 2ND
Madison Bombers batting - Pitching for Greenville 84s : LHP Osvaldo Cruz
Batting: LHB Dave Williams 0-0: Ball
1-0: Ball
2-0: SINGLE (Groundball, 56S)
Batting: SHB Michael McDonald 0-0: Ball
1-0: Called Strike
1-1: SINGLE (Groundball, 6MD)
Dave Williams to second
Batting: LHB José Santos 0-0: Called Strike
0-1: Swinging Strike
0-2: Ball
1-2: Fly out, F8 (Flyball, 8RM)
Batting: RHB Vicente Aguirre 0-0: Ball
1-0: Ball
2-0: Grounds out, U3 (Groundball, 3L)
Dave Williams to third
Batting: LHB Avery Hopkins 0-0: Ball
1-0: Swinging Strike
1-1: SINGLE (Flyball, 8LS)
Dave Williams scores
Michael McDonald to third
Batting: RHB Quinton Martínez 0-0: Ball
1-0: Ball
2-0: SINGLE (Groundball, 6)
Michael McDonald scores
Avery Hopkins to second
Batting: LHB Keith Tillman 0-0: Ball
1-0: Called Strike
1-1: Ground out 4-3 (Groundball, 4)
Top of the 2nd over - 2 run(s), 4 hit(s), 0 error(s), 2 left on base; Madison 2 - Greenville 0
BOTTOM OF THE 2ND
Greenville 84s batting - Pitching for Madison Bombers : RHP Andy Parker
Batting: LHB Jimmy Vickers 0-0: Ball
1-0: Ball
2-0: Foul Ball, location: 2F
2-1: Swinging Strike
2-2: Foul Ball, location: 2F
2-2: Foul Ball, location: 2F
2-2: Ball
3-2: Foul Ball, location: 2F
3-2: Base on Balls
Batting: LHB Luis Zúñiga 0-0: Ball
1-0: Ground out 5-3 (Groundball, 56S)
Jimmy Vickers to second
Batting: LHB Vicente Bueno 0-0: TRIPLE (Line Drive, 7LS)
Jimmy Vickers scores
Batting: RHB Greg Handrahan 0-0: Ball
1-0: Fly out, F3 (Line Drive, 34)
Batting: LHB Al Mills 0-0: Swinging Strike
0-1: Fly out, F8 (Flyball, 8LXD)
Bottom of the 2nd over - 1 run(s), 1 hit(s), 0 error(s), 1 left on base; Madison 2 - Greenville 1
TOP OF THE 3RD
Madison Bombers batting - Pitching for Greenville 84s : LHP Osvaldo Cruz
Batting: RHB Sergio Márquez 0-0: Called Strike
0-1: Ball
1-1: Foul Ball, location: 2F
1-2: Ball
2-2: Fly out, F8 (Flyball, 8RD)
Batting: SHB Derek Roach 0-0: Ball
1-0: Ball
2-0: Ground out 6-3 (Groundball, 6M)
Batting: LHB Dave Williams 0-0: Called Strike
0-1: Swinging Strike
0-2: Ball
1-2: Strikes out swinging
Top of the 3rd over - 0 run(s), 0 hit(s), 0 error(s), 0 left on base; Madison 2 - Greenville 1
BOTTOM OF THE 3RD
Greenville 84s batting - Pitching for Madison Bombers : RHP Andy Parker
Batting: LHB Mario Cornelo 0-0: Foul Ball, location: 2F
0-1: Ground out 6-3 (Groundball, 6M)
Batting: RHB Carlos Torres 0-0: Foul Ball, location: 2F
0-1: Foul Ball, location: 2F
0-2: Ball
1-2: Foul Ball, location: 2F
1-2: Ball
2-2: Ball
3-2: Fly out, F7 (Line Drive, 78M)
Batting: RHB Gernot Renner 0-0: Ball
1-0: Ball
2-0: Foul Ball, location: 2F
2-1: Swinging Strike
2-2: Fly out, F6 (Popup, 6)
Bottom of the 3rd over - 0 run(s), 0 hit(s), 0 error(s), 0 left on base; Madison 2 - Greenville 1
TOP OF THE 4TH
Madison Bombers batting - Pitching for Greenville 84s : LHP Osvaldo Cruz
Batting: SHB Michael McDonald 0-0: Ball
1-0: Called Strike
1-1: Swinging Strike
1-2: Foul Ball, location: 2F
1-2: Ball
2-2: Foul Ball, location: 2F
2-2: Ball
3-2: Strikes out swinging
Batting: LHB José Santos 0-0: Foul Ball, location: 2F
0-1: Ball
1-1: Ball
2-1: Ball
3-1: Called Strike
3-2: Foul Ball, location: 2F
3-2: Foul Ball, location: 2F
3-2: Ground out 1-3 (Groundball, 13)
Batting: RHB Vicente Aguirre 0-0: Called Strike
0-1: Ball
1-1: Foul Ball, location: 2F
1-2: Ball
2-2: Strikes out swinging
Top of the 4th over - 0 run(s), 0 hit(s), 0 error(s), 0 left on base; Madison 2 - Greenville 1
BOTTOM OF THE 4TH
Greenville 84s batting - Pitching for Madison Bombers : RHP Andy Parker
Batting: RHB Enzo Díaz 0-0: Ball
1-0: Called Strike
1-1: Foul Ball, location: 2F
1-2: Ball
2-2: Foul Ball, location: 2F
2-2: Ball
3-2: Base on Balls
Batting: LHB Jimmy Vickers 0-0: Called Strike
0-1: Ball
1-1: Ball
2-1: Called Strike
2-2: DOUBLE (Line Drive, 78S)
Enzo Díaz to third
Batting: LHB Luis Zúñiga 0-0: Called Strike
0-1: Swinging Strike
0-2: Ball
1-2: Ground out 6-3 (Groundball, 6)
Enzo Díaz scores
Batting: LHB Vicente Bueno 0-0: Ball
1-0: 2-RUN HOME RUN (Flyball, 9D), Distance : 339 ft
Batting: RHB Greg Handrahan 0-0: Ball
1-0: Called Strike
1-1: Ball
2-1: Foul Ball, location: 2F
2-2: Ground out 1-3 (Groundball, 23)
Batting: LHB Al Mills 0-0: Ground out 4-3 (Groundball, 4M)
Bottom of the 4th over - 3 run(s), 2 hit(s), 0 error(s), 0 left on base; Madison 2 - Greenville 4
TOP OF THE 5TH
Madison Bombers batting - Pitching for Greenville 84s : LHP Osvaldo Cruz
Batting: LHB Avery Hopkins 0-0: Called Strike
0-1: Ball
1-1: SOLO HOME RUN (Flyball, 8RXD), Distance : 447 ft
Batting: RHB Quinton Martínez 0-0: Ball
1-0: Ball
2-0: Ball
3-0: SINGLE (Groundball, 56D)
Batting: LHB Keith Tillman 0-0: Ball
Quinton Martínez is caught stealing 2nd base
1-0: Ball
2-0: Ground out 4-3 (Groundball, 4)
Batting: RHB Sergio Márquez 0-0: Ball
1-0: Swinging Strike
1-1: Foul Ball, location: 2F
1-2: Foul Ball, location: 2F
1-2: Ground out 5-3 (Groundball, 5L)
Top of the 5th over - 1 run(s), 2 hit(s), 0 error(s), 0 left on base; Madison 3 - Greenville 4
BOTTOM OF THE 5TH
Greenville 84s batting - Pitching for Madison Bombers : RHP Andy Parker
Batting: LHB Mario Cornelo 0-0: Ball
1-0: Ball
2-0: Ball
3-0: Called Strike
3-1: Called Strike
3-2: Base on Balls
Batting: RHB Carlos Torres 0-0: Called Strike
Mario Cornelo is caught stealing 2nd base
0-1: Ball
1-1: Foul Ball, location: 2F
1-2: DOUBLE (Flyball, 78XD)
Batting: RHB Gernot Renner 0-0: Called Strike
0-1: Called Strike
0-2: Fly out, F5 (Line Drive, 56)
0-2: Lined into DP, 5-4 (Line Drive, 56)
Bottom of the 5th over - 0 run(s), 1 hit(s), 0 error(s), 0 left on base; Madison 3 - Greenville 4
TOP OF THE 6TH
Madison Bombers batting - Pitching for Greenville 84s : LHP Osvaldo Cruz
Batting: SHB Derek Roach 0-0: SINGLE (Line Drive, 4M)
Batting: LHB Dave Williams 0-0: Ball
1-0: Fly out, F4 (Popup, 4M)
Pitching: RHP Esteban Gonzáles
Batting: SHB Michael McDonald 0-0: Called Strike
0-1: Foul Ball, location: 2F
0-2: Foul Ball, location: 2F
0-2: Ball
1-2: 2-RUN HOME RUN (Flyball, 89XD), Distance : 383 ft
Batting: LHB José Santos 0-0: Ball
1-0: Ground out 3-1 (Groundball, 3)
Batting: RHB Vicente Aguirre 0-0: Called Strike
0-1: Ball
1-1: Called Strike
1-2: Strikes out swinging
Top of the 6th over - 2 run(s), 2 hit(s), 0 error(s), 0 left on base; Madison 5 - Greenville 4
BOTTOM OF THE 6TH
Greenville 84s batting - Pitching for Madison Bombers : RHP Andy Parker
Batting: RHB Enzo Díaz 0-0: Ball
1-0: Ball
2-0: Ball
3-0: Called Strike
3-1: Foul Ball, location: 2F
3-2: DOUBLE (Groundball, 5L)
Batting: LHB Jimmy Vickers 0-0: Ground out 4-3 (Groundball, 34)
Enzo Díaz to third
Batting: LHB Luis Zúñiga 0-0: Called Strike
0-1: Ground out 4-3 (Groundball, 4M)
Batting: LHB Vicente Bueno 0-0: Ball
1-0: SINGLE (Line Drive, 9S)
Enzo Díaz scores
Batting: RHB Greg Handrahan 0-0: Ball
1-0: Ball
2-0: Ball
3-0: SINGLE (Groundball, 56D)
Vicente Bueno to second
Batting: LHB Al Mills 0-0: Ball
1-0: Ball
2-0: Ball
3-0: Base on Balls
Vicente Bueno to third
Greg Handrahan to second
Batting: LHB Mario Cornelo 0-0: Called Strike
0-1: Ball
1-1: Fly out, F6 (Popup, 6)
Bottom of the 6th over - 1 run(s), 3 hit(s), 0 error(s), 3 left on base; Madison 5 - Greenville 5
TOP OF THE 7TH
Madison Bombers batting - Pitching for Greenville 84s : RHP Esteban Gonzáles
Batting: LHB Avery Hopkins 0-0: Swinging Strike
0-1: Ball
1-1: Ball
2-1: Ground out 6-3 (Groundball, 6)
Batting: RHB Quinton Martínez 0-0: Ball
1-0: Swinging Strike
1-1: Foul Ball, location: 2F
1-2: Ball
2-2: Ball
3-2: Strikes out swinging
Batting: LHB Keith Tillman 0-0: Called Strike
0-1: Ball
1-1: SINGLE (Line Drive, 89S)
Batting: RHB Sergio Márquez 0-0: Called Strike
0-1: Foul Ball, location: 2F
0-2: Fly out, F3 (Popup, 23F)
Top of the 7th over - 0 run(s), 1 hit(s), 0 error(s), 1 left on base; Madison 5 - Greenville 5
BOTTOM OF THE 7TH
Greenville 84s batting - Pitching for Madison Bombers : RHP Andy Parker
Batting: RHB Carlos Torres 0-0: Ground out 4-3 (Groundball, 4)
Batting: RHB Gernot Renner 0-0: Foul Ball, location: 2F
0-1: Foul Ball, location: 2F
0-2: Fly out, F8 (Flyball, 78S)
Batting: RHB Enzo Díaz 0-0: Ball
1-0: Foul Ball, location: 2F
1-1: Ball
2-1: Foul Ball, location: 2F
2-2: Ground out 1-3 (Groundball, 23)
Bottom of the 7th over - 0 run(s), 0 hit(s), 0 error(s), 0 left on base; Madison 5 - Greenville 5
TOP OF THE 8TH
Madison Bombers batting - Pitching for Greenville 84s : RHP Esteban Gonzáles
Batting: SHB Derek Roach 0-0: DOUBLE (Flyball, 8LXD)
Batting: LHB Dave Williams 0-0: Ball
1-0: Ball
2-0: Called Strike
2-1: Ball
3-1: Foul Ball, location: 2F
3-2: Strikes out swinging
Pitching: RHP Pierre Deschênes
Batting: SHB Michael McDonald 0-0: Called Strike
0-1: Ball
1-1: Ball
2-1: Foul Ball, location: 2F
2-2: Strikes out swinging
Batting: LHB José Santos 0-0: Called Strike
0-1: Ball
1-1: Ball
2-1: Swinging Strike
2-2: Foul Ball, location: 2F
2-2: Strikes out looking
Top of the 8th over - 0 run(s), 1 hit(s), 0 error(s), 1 left on base; Madison 5 - Greenville 5
BOTTOM OF THE 8TH
Greenville 84s batting - Pitching for Madison Bombers : RHP Andy Parker
Pitching: LHP Tim Wilson
Batting: LHB Jimmy Vickers 0-0: Called Strike
0-1: Ball
1-1: Ball
2-1: Foul Ball, location: 2F
2-2: Ball
3-2: Foul Ball, location: 2F
3-2: Foul Ball, location: 2F
3-2: Foul Ball, location: 2F
3-2: Foul Ball, location: 2F
3-2: SINGLE (Line Drive, 56D)
Batting: LHB Luis Zúñiga 0-0: Called Strike
0-1: DOUBLE (Line Drive, 9D)
Jimmy Vickers to third
Pitching: RHP Alonso Gallardo
Batting: LHB Vicente Bueno 0-0: Intentional Walk
Batting: RHB Greg Handrahan 0-0: Foul Ball, location: 2F
0-1: Grounds into double play, 6-2-3 (Groundball, 6)
Luis Zúñiga to third
Vicente Bueno to second
Batting: LHB Al Mills 0-0: Ball
1-0: Ball
2-0: Ball
3-0: Base on Balls
Batting: LHB Mario Cornelo 0-0: Called Strike
0-1: Ball
1-1: Fly out, F8 (Flyball, 8LM)
Bottom of the 8th over - 0 run(s), 2 hit(s), 0 error(s), 3 left on base; Madison 5 - Greenville 5
TOP OF THE 9TH
Madison Bombers batting - Pitching for Greenville 84s : RHP Pierre Deschênes
Pitching: LHP Francisco Ríos
Batting: RHB Vicente Aguirre 0-0: Called Strike
0-1: Swinging Strike
0-2: Strikes out looking
Batting: LHB Avery Hopkins 0-0: Ball
1-0: Called Strike
1-1: Ball
2-1: Ball
3-1: Called Strike
3-2: Strikes out swinging
Batting: RHB Quinton Martínez 0-0: Ball
1-0: Called Strike
1-1: Fly out, F7 (Flyball, 7M)
Top of the 9th over - 0 run(s), 0 hit(s), 0 error(s), 0 left on base; Madison 5 - Greenville 5
BOTTOM OF THE 9TH
Greenville 84s batting - Pitching for Madison Bombers : RHP Alonso Gallardo
Batting: RHB Carlos Torres 0-0: Foul Ball, location: 2F
0-1: Called Strike
0-2: Ball
1-2: Foul Ball, location: 2F
1-2: Ball
2-2: Ball
3-2: SINGLE (Groundball, 56D)
Batting: RHB Gernot Renner 0-0: Ball
1-0: Bunted foul
1-1: Called Strike
Carlos Torres steals 2nd base
1-2: Foul Ball, location: 2F
1-2: Ball
2-2: Ball
3-2: DOUBLE (Line Drive, 9LS)
Carlos Torres scores
This league is powered by Out of the Park Baseball, the baseball management simulation game for PC, Mac and Linux
Saturday, April 9th, 2016 - OOTP Baseball 16.8 Build 38